 Dungeon Crawl Stone Soup version 0.29-a0-219-g0a02b1cf4f (webtiles) character file.

Game seed: 2653105143522497067

7 sammy202020 the Skirmisher (level 2, 14/19 HPs)
             Began as a Kobold Berserker on Feb 26, 2022.
             Was a Follower of Trog.
             Quit the game on level 1 of the Dungeon.
             The game lasted 00:00:48 (332 turns).

sammy202020 the Skirmisher (Kobold Berserker)        Turns: 332, Time: 00:00:49

Health: 14/19      AC:  5    Str: 14    XL:     2   Next: 5%
Magic:  2/2        EV: 13    Int:  8    God:    Trog [*.....]
Gold:   0          SH:  0    Dex: 14    Spells: 1/1 levels left

rFire   . . .      SeeInvis .   a - +0 hand axe
rCold   . . .      Faith    .   (no shield)
rNeg    . . .      Spirit   .   b - +0 ring mail
rPois   .          Reflect  .   (no helmet)
rElec   .          Harm     .   (no cloak)
rCorr   .          Rampage  .   (no gloves)
Will    .....                   (no boots)
Stlth   ++........              (no amulet)
HPRegen 0.06/turn               (no ring)
MPRegen 0.08/turn               (no ring)

@: no status effects
A: small, no large weapons, nightstalker 3
a: Renounce Religion, Berserk


You were on level 1 of the Dungeon.
You worshipped Trog.
Trog was aware of your devotion.
You visited 1 branch of the dungeon, and saw 1 of its levels.

Inventory:

Hand Weapons
 a - a +0 hand axe (weapon)
Armour
 b - a +0 ring mail (worn)


   Skills:
 + Level 3.4 Fighting
 + Level 2.5 Axes
 + Level 1.7 Armour
 + Level 2.6 Dodging


You had one spell level left.
You didn't know any spells.
Your spell library was empty.

Dungeon Overview and Level Annotations

Branches:
Dungeon (1/15)

Altars:


Innate Abilities, Weirdness & Mutations

You are small and have problems with some larger weapons.
You are completely attuned to the shadows.


Message History

A dart slug is nearby!
The dart slug launches a dart at you. The slug dart hits you.
You are too injured to fight recklessly!
You are too injured to fight recklessly!
You are too injured to fight recklessly!
You are too injured to fight recklessly!
You are too injured to fight recklessly!
You hit the dart slug.
The dart slug is moderately wounded.
The dart slug closely misses you.
You slash the dart slug!
The dart slug is almost dead.
The dart slug launches a dart at you. The slug dart hits you.
* * * LOW HITPOINT WARNING * * *
You hit the dart slug.
You kill the dart slug!
Trog accepts your kill.
You start resting.
HP restored.
As you open the door, it creaks loudly!
A dart slug comes into view.
There is an open door here.
You hit the dart slug.
The dart slug is moderately wounded.
The dart slug bites you.
You hit the dart slug.
The dart slug is severely wounded.
The dart slug launches a dart at you. The slug dart hits you.
You hit the dart slug.
You kill the dart slug!
Trog accepts your kill.
An endoplasm comes into view. x2
You have reached level 2!
Unknown command.
Unknown command.
Unknown command.
Are you sure you want to abandon this character and quit the game? (Confirm with "yes".)

..J.# ##.#J
... #†#
##@##
##...##
##.....#
##.......#
#.........#
+.........+
#.........#
.#.......#
##.....##


You could see 2 endoplasms.

Vanquished Creatures
  2 dart slugs (D:1)
  An endoplasm (D:1)
3 creatures vanquished.

Notes
Turn   | Place    | Note
-------+----------+-------------------------------------------
     0 | D:1      | sammy202020 the Kobold Berserker began the quest for the
                  | Orb.
     0 | D:1      | Reached XP level 1. HP: 14/14 MP: 1/1
   332 | D:1      | Reached XP level 2. HP: 14/19 MP: 2/2
   332 | D:1      | Quit the game

Illustrated notes

Levels and vault maps discovered:
D:1:      dpeg_arrival_lava_temple_mockup, layout_loops_corners,
          chequers_ecumenical_altar_simple_redux

Action                   || total
-------------------------++-------
Melee: Hand axe          ||     9
Dodge: Dodged            ||     1

Table legend: (Time is in decaauts)
 A = Elapsed time spent in this place.
 B = Non-inter-level travel time spent in this place.
 C = Inter-level travel time spent in this place.
 D = Time resting spent in this place.
 E = Time spent auto-exploring this place.
 F = Levels seen in this place.
 G = Mean time per level.
                   A        B        C        D        E       F      G
               +--------+--------+--------+--------+--------+-----+--------+
         Total |    333 |    333 |      0 |    253 |     24 |   1 |  333.0 |
       Dungeon |    333 |    333 |      0 |    253 |     24 |   1 |  333.0 |
               +--------+--------+--------+--------+--------+-----+--------+

Top non-repeatable levels by time:
     D:1: 333 daAuts
